 Dungeon Crawl Stone Soup version 0.29.1-15-g9cfb28693d (webtiles) character file.

Game seed: 18005193943722793922

4 zeram the Sneak (level 1, 0/14 HPs)
             Began as an Octopode Brigand on Apr 11, 2023.
             Slain by a quokka (2 damage)
             ... on level 1 of the Dungeon.
             The game lasted 00:00:16 (38 turns).

zeram the Sneak (Octopode Brigand)                    Turns: 38, Time: 00:00:17

Health: 0/14       AC:  1    Str: 10    XL:     1   Next: 60%
Magic:  1/1        EV: 12    Int: 13    God:
Gold:   0          SH:  0    Dex: 13    Spells: 0/0 levels left

rFire   . . .      SeeInvis .   a - +2 dagger
rCold   . . .      Faith    .   (no shield)
rNeg    . . .      Spirit   .   (helmet restricted)
rPois   .          Reflect  .   (no amulet)
rElec   .          Harm     .   (no ring)
rCorr   .          Rampage  .   (no ring)
Will    .....                   (no ring)
Stlth   ++++......              (no ring)
HPRegen 0.04/turn               (no ring)
MPRegen 0.07/turn               (no ring)
                                (no ring)
                                (no ring)

@: no status effects
A: almost no armour, amphibious, 8 rings, camouflage 1, gelatinous body 1,
(nimble swimmer 1), tentacles
a: no special abilities


You were on level 1 of the Dungeon.
You visited 1 branch of the dungeon, and saw 1 of its levels.

Inventory:

Hand Weapons
 a - a +2 dagger (weapon)
Missiles
 b - 9 poisoned darts (quivered)
 c - 3 curare-tipped darts


   Skills:
 - Level 2.0 Fighting
 + Level 2.0 Short Blades
 - Level 2.0 Throwing
 + Level 1.0 Dodging
 + Level 5.6 Stealth


You couldn't memorise any spells.
You didn't know any spells.
Your spell library was empty.

Dungeon Overview and Level Annotations

Branches:
Dungeon (1/15)

Altars:


Innate Abilities, Weirdness & Mutations

You cannot wear most types of armour.
You are amphibious.
You can wear up to eight rings at the same time.
Your skin changes colour to match your surroundings (Stealth+).
Your rubbery body absorbs attacks. (AC +1, EV +1)
((You are camouflaged when in or above water. (Stealth+)))
You have tentacles for arms and can constrict up to eight enemies at once.


Message History

A jackal comes into view.
A jackal is nearby!
A jackal is nearby!
A jackal is nearby!
A jackal is nearby! 2 jackals come into view.
Found a scroll labelled VYSAPL CAOTI and 12 gold pieces.
Found a faded altar of an unknown god.
There is an empty arch of ancient stone here.
A dart slug comes into view.
The helpless jackal fails to defend itself.
You impale the jackal!!
You kill the jackal!
The jackal barks!
The jackal barely misses you.
A quokka comes into view.
The jackal barely misses you.
You hit the jackal. You grab the jackal.
The jackal is moderately wounded.
You constrict the jackal, but do no damage.
The jackal bites you. x2
You hit the jackal.
You kill the jackal!
The jackal bites you.
You are too injured to fight recklessly!
You are too injured to fight recklessly!
You are too injured to fight recklessly!
You closely miss the jackal. Your grab misses the jackal. The jackal bites you.
The jackal barely misses you.
You hit the jackal but do no damage. Your grab misses the jackal.
The jackal bites you.
* * * LOW HITPOINT WARNING * * *
You hit the jackal. Your grab misses the jackal. You squeeze the jackal.
You kill the jackal!
The quokka attacks as you move away! The quokka barely misses you.
The dart slug briefly extends its eye-stalks.
You closely miss the quokka. You grab the quokka.
You constrict the quokka, but do no damage.
The quokka bites you.
You die...

#..............
#.............#
#...♣$._..∩..∩#
#.............#
#.........?w..##
#...♣..∩.....∩..
#...............
#.......r.......
##♣..∩..8@.♣....
#................
#......#####.....
#####......# ....
##..........# ###
#..#.###.###...
#.##..##..# ....
##'###+###+# ....
#...#...# ...


You could see a dart slug and a quokka.

Vanquished Creatures
  3 jackals (D:1)
3 creatures vanquished.

Notes
Turn   | Place    | Note
-------+----------+-------------------------------------------
     0 | D:1      | zeram the Octopode Brigand began the quest for the Orb.
     0 | D:1      | Reached XP level 1. HP: 14/14 MP: 1/1
    26 | D:1      | Found a faded altar of an unknown god.
    38 | D:1      | Slain by a quokka

Illustrated notes

Levels and vault maps discovered:
D:1:      lightli_arrival_quake, layout_basic,
          hellmonk_ecumenical_altar_arch_garden

Action                   || total
-------------------------++-------
Melee: Dagger            ||     7
       Constrict         ||     2
       Tentacles         ||     1
 Stab: Sleeping          ||     1
Dodge: Dodged            ||     4
